 Dungeon Crawl Stone Soup version 0.29-a0-231-g945431f764 (webtiles) character file.

Game seed: 4975923247268454732

477 fragbeetle the Slasher (level 7, 0/52 HPs)
             Began as a Formicid Abyssal Knight on Feb 28, 2022.
             Was a Priest of Lugonu.
             Succumbed to a kobold brigand's curare-tipped dart
             ... in a sewer.
             The game lasted 00:07:45 (4271 turns).

fragbeetle the Slasher (Formicid Abyssal Knight)    Turns: 4271, Time: 00:07:46

Health: 0/52       AC: 11    Str: 18 (19) XL:     7   Next: 33%
Magic:  8/8        EV:  7    Int:  9 (10) God:    Lugonu [***...]
Gold:   207        SH:  0    Dex:  8 (11) Spells: 6/6 levels left

rFire   + . .      SeeInvis +   s - +9 long sword of the Tales {venom, rC++}
rCold   + + .      Faith    .   (no shield)
rNeg    + . .      Spirit   .   m - +0 chain mail
rPois   .          Reflect  .   (helmet unavailable)
rElec   .          Harm     .   u - +0 cloak
rCorr   .          Rampage  .   c - +0 pair of gloves
Will    .....                   (no boots)
Stlth   ..........              (no amulet)
HPRegen 0.17/turn               w - ring of positive energy
MPRegen 0.11/turn               l - ring of protection from fire

@: lethally poisoned (0 -> -10)
A: permanent stasis, dig shafts and tunnels, antennae 3, four strong arms,
evolution 1
a: Dig, Renounce Religion, Depart the Abyss, Bend Space, Banish


You were in a sewer.
You worshipped Lugonu.
Lugonu was most pleased with you.
You visited 1 branch of the dungeon, and saw 4 of its levels.
You visited the Abyss 1 time.
You also visited: Sewer.

You collected 207 gold pieces.

Inventory:

Hand Weapons
 a - a +0 trident
 b - a +0 hunting sling
 j - a +1 spear
 s - the +9 long sword of the Tales (weapon) {venom, rC++}
   (You found it on level 2 of the Dungeon)

   It poisons the flesh of those it strikes.
   rC:        It greatly protects you from cold.
 x - the +7 whip "Worm" {freeze, rF+}
   (You found it on level 3 of the Dungeon)

   It freezes those it strikes, dealing additional cold damage.
   It can also slow down cold-blooded creatures.
   rF:        It protects you from fire.
Missiles
 q - 6 javelins
Armour
 c - a +0 pair of gloves (worn)
 m - a +0 chain mail (worn)
 u - a +0 cloak (worn)
Jewellery
 h - a ring of magical power
 l - a ring of protection from fire (right hand)
 w - a ring of positive energy (left hand)
Wands
 z - a wand of flame (7)
Scrolls
 e - 4 scrolls of teleportation {unknown}
 n - a scroll of immolation {unknown}
 o - 3 scrolls of enchant armour {unknown}
 r - 3 scrolls of blinking {unknown}
 t - a scroll of brand weapon {unknown}
 v - 4 scrolls of identify {unknown}
 y - 2 scrolls of fear {unknown}
 A - a scroll of fog {unknown}
Potions
 g - a potion of flight
 p - a potion of haste {unknown}


   Skills:
 - Level 3.4 Fighting
 + Level 5.9 Long Blades
 - Level 3.9 Polearms
 - Level 2.4 Armour
 - Level 1.1 Dodging
 - Level 2.4 Invocations


You had 6 spell levels left.
You didn't know any spells.
Your spell library was empty.

Dungeon Overview and Level Annotations

Branches:
Dungeon (4/15)              Sewer (1/1)
 Temple: D:4-7

Altars:
Ashenzari

Shops:
D:3 :

Portals:
Abyss: D:1***


Innate Abilities, Weirdness & Mutations

You cannot be hasted, slowed, berserked, paralysed or teleported.
You can dig through walls and to a lower floor.
You have a pair of large antennae on your head. (SInv)
Your four strong arms can wield two-handed weapons with a shield.
You have hidden genetic potential.


Message History

The curare-tipped dart hits you.
You are more poisoned.
You have difficulty breathing.
Your stasis prevents you from being slowed.
You feel extremely sick.
The kobold brigand throws a poisoned dart.
The poisoned dart barely misses you.
The kobold brigand throws a curare-tipped dart.
The curare-tipped dart hits you.
You are lethally poisoned!
You have difficulty breathing.
Your stasis prevents you from being slowed.
You feel extremely sick.
It was a potion of flight.
You feel very buoyant.
You fly up into the air.
* * * LOW HITPOINT WARNING * * *
You feel very sick.
Unknown command.
It was a potion of attraction.
You feel attractive to monsters.
* * * LOW HITPOINT WARNING * * *
You feel very sick.
The kobold brigand is attracted toward you.
It was a potion of mutation.
You feel extremely strange.
You feel a hidden potential growing inside you.
* * * LOW HITPOINT WARNING * * *
You feel very sick. The kobold brigand barely misses you.
It was a potion of cancellation.
Your magical effects are unravelling.
You feel magically purged.
You float gracefully downwards.
* * * LOW HITPOINT WARNING * * *
You feel very sick.
The kobold brigand hits you but does no damage.
You feel less attractive to monsters.
It was a potion of degeneration.
There was something very wrong with that liquid.
You feel weakened.
You feel dopey.
You feel clumsy.
You die...

##### ##≈..## .#
#####.....#####...#
≈≈≈≈≈≈≈....@KK.!≈.#
####...≈.#####.!.#
##...## ## ##≈## #≈# #≈#
##≈## ##### ##...##
##≈≈.##
....≈#####...≈.####..≈.≈#


You could see 2 kobold brigands.

Vanquished Creatures
  A phantom (D:4)
  2 scorpions
  A jelly (D:4)
  2 iguanas (D:4)
  A gnoll (D:1)
  10 adders
  A river rat (Sewer)
  5 worms
  A dart slug (D:3)
  An orc (D:3)
  7 ball pythons
  9 endoplasms
  4 giant cockroaches
  5 goblins
  2 hobgoblins (D:3)
  3 jackals (D:3)
  5 quokkas
  2 bats
  6 frilled lizards
  6 kobolds
  12 rats
86 creatures vanquished.

Notes
Turn   | Place    | Note
-------+----------+-------------------------------------------
     0 | Abyss:1  | fragbeetle the Formicid Abyssal Knight began the quest for
                  | the Orb.
     0 | Abyss:1  | Reached XP level 1. HP: 18/18 MP: 2/2
    18 | D:1      | Escaped the Abyss
    39 | D:1      | Reached skill level 1 in Dodging
   148 | D:1      | Reached XP level 2. HP: 23/24 MP: 3/3
   946 | D:2      | Reached XP level 3. HP: 29/29 MP: 4/4
   975 | D:2      | Found a faded altar of an unknown god.
  1529 | D:2      | Reached ** piety under Lugonu
  1693 | D:2      | Reached XP level 4. HP: 35/35 MP: 5/5
  2041 | D:2      | Identified the +9 long sword of the Tales {venom, rC++}
  2252 | D:3      | Noticed a scorpion
  2257 | D:3      | Killed a scorpion
  2258 | D:3      | Reached skill level 2 in Long Blades
  2258 | D:3      | Reached XP level 5. HP: 30/41 MP: 6/6
  2554 | D:3      | Found a broken altar of Ashenzari.
  2577 | D:3      | Found Qisaenwa's Book Shoppe.
  2639 | D:3      | Reached skill level 3 in Long Blades
  2988 | D:3      | Identified the +7 whip "Worm" {freeze, rF+}
  3527 | D:4      | Reached XP level 6. HP: 24/47 MP: 7/7
  3714 | D:4      | Reached skill level 4 in Long Blades
  3857 | D:4      | Reached skill level 5 in Long Blades
  3857 | D:4      | Reached XP level 7. HP: 48/52 MP: 8/8
  3932 | D:4      | Reached *** piety under Lugonu
  3966 | D:4      | Found a glowing drain.
  3993 | Sewer    | Entered a sewer
  4269 | Sewer    | Gained mutation: You have hidden genetic potential. [potion
                  | of mutation]
  4270 | Sewer    | HP: 2/52 [poisoned by a kobold brigand (curare-tipped
                  | dart)]
  4271 | Sewer    | Succumbed to a kobold brigand's curare-tipped dart

Illustrated notes

Levels and vault maps discovered:
D:1:      minmay_arrival_glassed_features, layout_loops_ring,
          hangedman_decor_points, chequers_serial_rivers_room_b
D:2:      layout_loops_corners, ebering_ecumenical_altar_webs
D:3:      layout_basic, lemuel_doored_altar, serial_shops, shop
D:4:      layout_gridville, gup_sewer_entry_bubbles
Sewer:    sewer_co_15_rooms

Skill      XL: |  1  2  3  4  5  6 |
---------------+-------------------+-----
Dodging        | 1 |  1.1
Polearms       | 3 |  3.9
Long Blades    | 2 3 5 |  5.9
Fighting       | |  3.4
Armour         | |  2.4
Invocations    | |  2.4

Action                   |  1- 3 |  4- 6 |  7- 9 || total
-------------------------+-------+-------+-------++-------
Melee: Spear             |    28 |       |       ||    28
       Trident           |    66 |    18 |       ||    84
       Long sword        |       |    70 |    54 ||   124
       Punch             |       |     1 |     1 ||     2
 Fire: Hunting sling     |     2 |       |       ||     2
 Abil: Dig               |     1 |       |       ||     1
  Use: Potion            |       |       |     5 ||     5
Armor: Leather armour    |    12 |       |       ||    12
       Chain mail        |    16 |    47 |    28 ||    91
Dodge: Dodged            |    30 |    24 |    18 ||    72

Table legend: (Time is in decaauts)
 A = Elapsed time spent in this place.
 B = Non-inter-level travel time spent in this place.
 C = Inter-level travel time spent in this place.
 D = Time resting spent in this place.
 E = Time spent auto-exploring this place.
 F = Levels seen in this place.
 G = Mean time per level.
                   A        B        C        D        E       F      G
               +--------+--------+--------+--------+--------+-----+--------+
         Total |   4364 |   4116 |    248 |    623 |   2437 |   6 |  727.3 |
       Dungeon |   4021 |   3773 |    248 |    578 |   2354 |   4 | 1005.2 |
         Abyss |     18 |     18 |      0 |      0 |      0 |   1 |   18.0 |
         Sewer |    324 |    324 |      0 |     45 |     83 |   1 |  324.0 |
               +--------+--------+--------+--------+--------+-----+--------+

Top non-repeatable levels by time:
     D:3: 1278 daAuts
     D:1: 1149 daAuts
     D:2: 1048 daAuts
     D:4: 545 daAuts
   Sewer: 324 daAuts
 Abyss:1: 18 daAuts
